APP
SAN FRANCISCO (RK+) GIANTS @ SAN DIEGO (RK+) PADRES
09/07/2099
 
TOP OF THE 1ST
San Francisco (Rk+) Giants batting - Pitching for San Diego (Rk+) Padres : RHP Tommy Slone
Pitching: RHP Tommy Slone
Batting: LHB Luis Parada 0-0: Ball
1-0: Ball
2-0: Foul Ball, location: 2F
2-1: Called Strike
2-2: Ball
3-2: Base on Balls
Batting: RHB Austin Higgins 0-0: Called Strike
0-1: Foul Ball, location: 23F
0-2: Ball
1-2: Strikes out swinging
Batting: LHB Manny Ortiz 0-0: Ball
Luis Parada is caught stealing 2nd base 2-6
1-0: Ball
2-0: Foul Ball, location: 7LMF
2-1: Foul Ball, location: 5FF
2-2: Ball
3-2: Strikes out swinging
Top of the 1st over - 0 runs, 0 hits, 0 errors, 0 left on base; San Francisco (Rk+) 0 - San Diego (Rk+) 0
BOTTOM OF THE 1ST
San Diego (Rk+) Padres batting - Pitching for San Francisco (Rk+) Giants : RHP Jerry Zuzarte
Pitching: RHP Jerry Zuzarte
Batting: LHB Ryan Robertson 0-0: Ball
1-0: Called Strike
1-1: Ball
2-1: Foul Ball, location: 9LDF
2-2: SINGLE (Groundball, P, EV 93.1 MPH) (infield hit)
Batting: RHB Tony Calvillo 0-0: Ball
1-0: Ball
Ryan Robertson steals 2nd base
2-0: Ground out U3 (Groundball, 3, EV 100.6 MPH)
Ryan Robertson to third
Batting: RHB Chris Conner 0-0: Ball
1-0: Ball
2-0: Called Strike
2-1: Swinging Strike
2-2: Foul Ball, location: 2F
2-2: Ball
3-2: Base on Balls
Batting: LHB Matt Guevara 0-0: Called Strike
0-1: Ball
1-1: Swinging Strike
1-2: Ball
2-2: Ball
3-2: SINGLE (Groundball, 34D, EV 106.3 MPH)
Ryan Robertson scores
Chris Conner to second
Runner from 2nd tries for 3rd, SAFE, no throw by RF
Batting: LHB Hector Lopez 0-0: Ball
1-0: Swinging Strike
1-1: Swinging Strike
1-2: Foul Ball, location: 5SF
1-2: Strikes out swinging
Batting: RHB Nick Ramos 0-0: Ball
1-0: Foul Ball, location: 9LMF
1-1: Ball
2-1: Ball
3-1: Base on Balls
Matt Guevara to second
Batting: RHB Travis Garrison 0-0: Ball
1-0: Fly out, F4 (Line Drive, 4, EV 74.4 MPH)
Bottom of the 1st over - 1 run, 2 hits, 0 errors, 3 left on base; San Francisco (Rk+) 0 - San Diego (Rk+) 1
TOP OF THE 2ND
San Francisco (Rk+) Giants batting - Pitching for San Diego (Rk+) Padres : RHP Tommy Slone
Batting: RHB Jose Bautista 0-0: Called Strike
0-1: Ball
1-1: Ball
2-1: Ground out 4-3 (Groundball, 4MS, EV 83.1 MPH)
Batting: RHB Joey Tolar 0-0: Swinging Strike
0-1: Ball
1-1: Called Strike
1-2: Strikes out looking
Batting: RHB Angel Villalba 0-0: Hit by Pitch
Batting: RHB Mike Wangsgard 0-0: Foul Ball, location: 5SF
0-1: Foul Ball, location: 2LF
0-2: Ball
1-2: Strikes out swinging
Top of the 2nd over - 0 runs, 0 hits, 0 errors, 1 left on base; San Francisco (Rk+) 0 - San Diego (Rk+) 1
BOTTOM OF THE 2ND
San Diego (Rk+) Padres batting - Pitching for San Francisco (Rk+) Giants : RHP Jerry Zuzarte
Batting: RHB Pat Rabe 0-0: Foul Ball, location: 7LDF
0-1: Ball
1-1: DOUBLE (Flyball, 78D, EV 98.1 MPH)
Batting: RHB Jim Unknown 0-0: Called Strike
0-1: Ball
1-1: Called Strike
1-2: Foul Ball, location: 2F
1-2: Strikes out swinging
Batting: LHB Ryan Robertson 0-0: Ball
1-0: Foul Ball, location: 7LMF
1-1: Foul Ball, location: 2F
1-2: Ball
2-2: Ball
3-2: Foul Ball, location: 25F
3-2: Fly out, F8 (Flyball, 8LXD, EV 111.3 MPH)
Batting: RHB Tony Calvillo 0-0: Ground out U3 (Groundball, 34, EV 101.9 MPH)
Bottom of the 2nd over - 0 runs, 1 hit, 0 errors, 1 left on base; San Francisco (Rk+) 0 - San Diego (Rk+) 1
TOP OF THE 3RD
San Francisco (Rk+) Giants batting - Pitching for San Diego (Rk+) Padres : RHP Tommy Slone
Batting: RHB Mike Willis 0-0: Fly out, F9 (Line Drive, 89M, EV 83.8 MPH)
Batting: RHB Manny Diaz 0-0: Ball
1-0: Ball
2-0: SINGLE (Groundball, 56S, EV 66.3 MPH) (infield hit)
Batting: LHB Luis Parada 0-0: Ball
1-0: Called Strike
1-1: Ball
2-1: DOUBLE (Line Drive, 8LD, EV 104.4 MPH)
Manny Diaz to third
Runner from 3rd tries for Home, SAFE, no throw by CF
Batting: RHB Austin Higgins 0-0: Ball
1-0: Swinging Strike
1-1: Ball
2-1: Foul Ball, location: 5F
2-2: Foul Ball, location: 2F
2-2: DOUBLE (Line Drive, 3D, EV 98.1 MPH)
Luis Parada scores
Batting: LHB Manny Ortiz 0-0: Foul Ball, location: 2F
0-1: Called Strike
0-2: Foul Ball, location: 7LSF
0-2: Ground out 4-3 (Groundball, 4, EV 90.6 MPH)
Austin Higgins to third
Batting: RHB Jose Bautista 0-0: Called Strike
0-1: Foul Ball, location: 2F
0-2: Foul Ball, location: 5F
0-2: Strikes out looking
Top of the 3rd over - 2 runs, 3 hits, 0 errors, 1 left on base; San Francisco (Rk+) 2 - San Diego (Rk+) 1
BOTTOM OF THE 3RD
San Diego (Rk+) Padres batting - Pitching for San Francisco (Rk+) Giants : RHP Jerry Zuzarte
Batting: RHB Chris Conner 0-0: Called Strike
0-1: Fly out, F6 (Popup, 4M, EV 78.8 MPH)
Batting: LHB Matt Guevara 0-0: Foul Ball, location: 2LF
0-1: Ball
1-1: Ball
2-1: SINGLE (Groundball, 4M, EV 76.9 MPH)
Batting: LHB Hector Lopez 0-0: Ball
1-0: Foul Ball, location: 7LDF
1-1: Swinging Strike
1-2: Strikes out swinging
Batting: RHB Nick Ramos 0-0: Swinging Strike
0-1: Ball
1-1: Called Strike
1-2: Foul Ball, location: 3F
1-2: Foul Ball, location: 5FF
1-2: Fielders Choice at 2nd, 6-4 (Groundball, 6, EV 101.3 MPH)
Bottom of the 3rd over - 0 runs, 1 hit, 0 errors, 1 left on base; San Francisco (Rk+) 2 - San Diego (Rk+) 1
TOP OF THE 4TH
San Francisco (Rk+) Giants batting - Pitching for San Diego (Rk+) Padres : RHP Tommy Slone
Batting: RHB Joey Tolar 0-0: Ball
1-0: Called Strike
1-1: Ground out 6-3 (Groundball, 6, EV 83.1 MPH)
Batting: RHB Angel Villalba 0-0: Called Strike
0-1: Foul Ball, location: 2F
0-2: Ball
1-2: Strikes out swinging
Batting: RHB Mike Wangsgard 0-0: Ball
1-0: Ball
2-0: Foul Ball, location: 7LMF
2-1: Ball
3-1: Base on Balls
Batting: RHB Mike Willis 0-0: Ball
1-0: Foul Ball, location: 2F
1-1: Foul Ball, location: 3F
1-2: Ball
2-2: 2-RUN HOME RUN (Flyball, 8LXD, EV 110.0 MPH), Distance : 433 ft
Batting: RHB Manny Diaz 0-0: Ground out 6-3 (Groundball, 56, EV 81.9 MPH)
Top of the 4th over - 2 runs, 1 hit, 0 errors, 0 left on base; San Francisco (Rk+) 4 - San Diego (Rk+) 1
BOTTOM OF THE 4TH
San Diego (Rk+) Padres batting - Pitching for San Francisco (Rk+) Giants : RHP Jerry Zuzarte
Batting: RHB Travis Garrison 0-0: Ball
1-0: Foul Ball, location: 9LDF
1-1: Ball
2-1: Ball
3-1: Foul Ball, location: 2F
3-2: Strikes out swinging
Pitching: RHP Alfredo Orozco
Batting: RHB Pat Rabe 0-0: Ball
1-0: Foul Ball, location: 9LDF
1-1: Swinging Strike
1-2: Ball
2-2: Ball
3-2: Foul Ball, location: 7LSF
3-2: Ground out 5-3 (Groundball, 5L, EV 102.5 MPH)
Batting: RHB Jim Unknown 0-0: Called Strike
0-1: Foul Ball, location: 5DF
0-2: Ball
1-2: Ball
2-2: Ball
3-2: Foul Ball, location: 5FF
3-2: Base on Balls
Batting: LHB Ryan Robertson 0-0: Called Strike
0-1: Ball
1-1: Foul Ball, location: 7LMF
1-2: Ball
2-2: Foul Ball, location: 7LSF
2-2: Foul Ball, location: 7LMF
2-2: Strikes out swinging
Bottom of the 4th over - 0 runs, 0 hits, 0 errors, 1 left on base; San Francisco (Rk+) 4 - San Diego (Rk+) 1
TOP OF THE 5TH
San Francisco (Rk+) Giants batting - Pitching for San Diego (Rk+) Padres : RHP Tommy Slone
Batting: LHB Luis Parada 0-0: Ball
1-0: Called Strike
1-1: SINGLE (Line Drive, 78S, EV 101.3 MPH)
Batting: RHB Austin Higgins 0-0: Called Strike
0-1: Fly out, F7 (Flyball, 78S, EV 91.3 MPH)
Batting: LHB Manny Ortiz 0-0: Ball
1-0: SINGLE (Line Drive, 89S, EV 100.6 MPH)
Luis Parada to second
Batting: RHB Jose Bautista 0-0: Called Strike
0-1: Ball
1-1: Swinging Strike
1-2: Strikes out swinging
Batting: RHB Joey Tolar 0-0: Ground out 5-3 (Groundball, 56S, EV 85.6 MPH)
Top of the 5th over - 0 runs, 2 hits, 0 errors, 2 left on base; San Francisco (Rk+) 4 - San Diego (Rk+) 1
BOTTOM OF THE 5TH
San Diego (Rk+) Padres batting - Pitching for San Francisco (Rk+) Giants : RHP Alfredo Orozco
Batting: RHB Tony Calvillo 0-0: Called Strike
0-1: Ball
1-1: Swinging Strike
1-2: Strikes out swinging
Batting: RHB Chris Conner 0-0: Ground out 6-3 (Groundball, 6, EV 81.3 MPH)
Batting: LHB Matt Guevara 0-0: Ball
1-0: Called Strike
1-1: Ball
2-1: Ball
3-1: Swinging Strike
3-2: Base on Balls
Batting: LHB Hector Lopez 0-0: Fielders Choice at 2nd, 6-4 (Groundball, 6, EV 86.9 MPH)
Bottom of the 5th over - 0 runs, 0 hits, 0 errors, 1 left on base; San Francisco (Rk+) 4 - San Diego (Rk+) 1
TOP OF THE 6TH
San Francisco (Rk+) Giants batting - Pitching for San Diego (Rk+) Padres : RHP Tommy Slone
Batting: RHB Angel Villalba 0-0: Ball
1-0: Called Strike
1-1: DOUBLE (Line Drive, 5D, EV 66.3 MPH)
Batting: RHB Mike Wangsgard 0-0: Called Strike
0-1: Called Strike
0-2: Strikes out looking
Pitching: RHP Juan Ortega
Batting: RHB Mike Willis 0-0: Ball
Angel Villalba steals 3rd base
1-0: Called Strike
1-1: Fly out, F8 (Flyball, 8RD, EV 105.6 MPH)
Runner from 3rd tags up, SCORES, throw by CF
Batting: RHB Manny Diaz 0-0: Ball
1-0: Foul Ball, location: 9LDF
1-1: Called Strike
1-2: Strikes out looking
Top of the 6th over - 1 run, 1 hit, 0 errors, 0 left on base; San Francisco (Rk+) 5 - San Diego (Rk+) 1
BOTTOM OF THE 6TH
San Diego (Rk+) Padres batting - Pitching for San Francisco (Rk+) Giants : RHP Alfredo Orozco
Batting: RHB Nick Ramos 0-0: Foul Ball, location: 2LF
0-1: Foul Ball, location: 5F
0-2: Ball
1-2: Strikes out swinging
Batting: RHB Travis Garrison 0-0: Foul Ball, location: 2F
0-1: Ball
1-1: Ball
2-1: Ball
3-1: Base on Balls
Pitching: RHP Jared Alanis
Batting: RHB Pat Rabe 0-0: SINGLE (Groundball, 34D, EV 98.8 MPH)
Travis Garrison to second
Runner from 2nd tries for 3rd, SAFE, no throw by RF
Batting: RHB Jim Unknown 0-0: Fly out, F8 (Flyball, 8LM, EV 95.0 MPH)
Runner from 3rd tags up, SCORES, throw by CF
Batting: LHB Ryan Robertson 0-0: Ground out 4-3 (Groundball, 4S, EV 85.0 MPH)
Bottom of the 6th over - 1 run, 1 hit, 0 errors, 1 left on base; San Francisco (Rk+) 5 - San Diego (Rk+) 2
TOP OF THE 7TH
San Francisco (Rk+) Giants batting - Pitching for San Diego (Rk+) Padres : RHP Juan Ortega
Batting: LHB Luis Parada 0-0: Called Strike
0-1: Foul Ball, location: 7LDF
0-2: Strikes out swinging
Batting: RHB Austin Higgins 0-0: Fly out, F8 (Flyball, 8LM, EV 78.8 MPH)
Batting: LHB Manny Ortiz 0-0: Ball
1-0: SINGLE (Groundball, 6S, EV 65.6 MPH) (infield hit)
Batting: RHB Jose Bautista 0-0: Swinging Strike
0-1: Fielders Choice at 2nd, 5-4 (Groundball, 56, EV 85.6 MPH)
Top of the 7th over - 0 runs, 1 hit, 0 errors, 1 left on base; San Francisco (Rk+) 5 - San Diego (Rk+) 2
BOTTOM OF THE 7TH
San Diego (Rk+) Padres batting - Pitching for San Francisco (Rk+) Giants : RHP Jared Alanis
Batting: RHB Tony Calvillo 0-0: Called Strike
0-1: Swinging Strike
0-2: Ball
1-2: Strikes out swinging
Batting: RHB Chris Conner 0-0: Ball
1-0: Ball
2-0: Ball
3-0: Called Strike
3-1: Fly out, F9 (Flyball, 9LM, EV 95.6 MPH)
Batting: LHB Matt Guevara 0-0: Ball
1-0: Swinging Strike
1-1: Called Strike
1-2: SINGLE (Groundball, 34D, EV 95.6 MPH)
Batting: LHB Hector Lopez 0-0: Ball
1-0: Foul Ball, location: 9LMF
1-1: Foul Ball, location: 7LMF
1-2: Fly out, F8 (Line Drive, 8RM, EV 87.5 MPH)
Bottom of the 7th over - 0 runs, 1 hit, 0 errors, 1 left on base; San Francisco (Rk+) 5 - San Diego (Rk+) 2
TOP OF THE 8TH
San Francisco (Rk+) Giants batting - Pitching for San Diego (Rk+) Padres : RHP Juan Ortega
Batting: RHB Joey Tolar 0-0: Ball
1-0: Foul Ball, location: 2F
1-1: Foul Ball, location: 5FF
1-2: Strikes out swinging
Batting: RHB Angel Villalba 0-0: Ball
1-0: Called Strike
1-1: Ball
2-1: Swinging Strike
2-2: Strikes out swinging
Batting: RHB Mike Wangsgard 0-0: Foul Ball, location: 2F
0-1: Ground out 6-3 (Groundball, 6, EV 91.9 MPH)
Top of the 8th over - 0 runs, 0 hits, 0 errors, 0 left on base; San Francisco (Rk+) 5 - San Diego (Rk+) 2
BOTTOM OF THE 8TH
San Diego (Rk+) Padres batting - Pitching for San Francisco (Rk+) Giants : RHP Jared Alanis
Pitching: RHP Lachlan Walker
Batting: RHB Nick Ramos 0-0: Ball
1-0: Fly out, F9 (Flyball, 9LM, EV 78.8 MPH)
Batting: RHB Travis Garrison 0-0: Foul Ball, location: 9LMF
0-1: Called Strike
0-2: Strikes out swinging
Batting: RHB Pat Rabe 0-0: Called Strike
0-1: Swinging Strike
0-2: Ball
1-2: Strikes out swinging
Bottom of the 8th over - 0 runs, 0 hits, 0 errors, 0 left on base; San Francisco (Rk+) 5 - San Diego (Rk+) 2
TOP OF THE 9TH
San Francisco (Rk+) Giants batting - Pitching for San Diego (Rk+) Padres : RHP Juan Ortega
Batting: SHB Jesse Mason 0-0: Foul Ball, location: 25F
0-1: Ball
1-1: Ball
2-1: Ball
3-1: Base on Balls
Batting: RHB Manny Diaz 0-0: Foul Ball, location: 2F
0-1: Foul Ball, location: 5DF
0-2: Ball
Passed Ball!
Jesse Mason to second
1-2: 2-RUN HOME RUN (Flyball, 89XD, EV 101.9 MPH), Distance : 395 ft
Batting: LHB Luis Parada 0-0: Ball
1-0: Swinging Strike
1-1: Foul Ball, location: 3F
1-2: Strikes out swinging
Batting: RHB Austin Higgins 0-0: Ball
1-0: SINGLE (Line Drive, 89S, EV 103.1 MPH)
Pitching: LHP Jorge Zabala
Batting: LHB Manny Ortiz 0-0: Ball
1-0: Swinging Strike
1-1: Called Strike
1-2: Ball
2-2: Ball
3-2: Fly out, F9 (Flyball, 9, EV 78.1 MPH)
Batting: RHB Jose Bautista 0-0: Ball
Austin Higgins is caught stealing 2nd base 2-4
Top of the 9th over - 2 runs, 2 hits, 0 errors, 0 left on base; San Francisco (Rk+) 7 - San Diego (Rk+) 2
BOTTOM OF THE 9TH
San Diego (Rk+) Padres batting - Pitching for San Francisco (Rk+) Giants : RHP Lachlan Walker
Batting: SHB Gil Berrios 0-0: Ground out U3 (Groundball, 3, EV 86.3 MPH)
Batting: LHB Ryan Robertson 0-0: Foul Ball, location: 2F
0-1: Ball
1-1: Foul Ball, location: 3FF
1-2: Ball
2-2: Ball
3-2: Strikes out swinging, 2-3 out at first.
Batting: RHB Tony Calvillo 0-0: Ball
1-0: Swinging Strike
1-1: Ball
2-1: Foul Ball, location: 5FF
2-2: Ball
3-2: Foul Ball, location: 2F
3-2: Base on Balls
Batting: RHB Chris Conner 0-0: Ball
1-0: Foul Ball, location: 9LSF
1-1: Called Strike
1-2: Strikes out swinging
Bottom of the 9th over - 0 runs, 0 hits, 0 errors, 1 left on base; San Francisco (Rk+) 7 - San Diego (Rk+) 2
Thursday, May 16th , 2024 - OOTP Baseball 24.11 Build 85